 Dungeon Crawl Stone Soup version 0.23.2-40-g277498a001 (webtiles) character file.

Game seed: 1133663769572396332

186 Amplified the Covered (level 5, 0/32 HPs)
             Began as a Gargoyle Wanderer on Sept 3, 2019.
             Slain by a gnoll
             ... wielding a +3 whip of freezing
              (1 damage)
             ... on level 4 of the Dungeon.
             The game lasted 00:02:04 (1276 turns).

Amplified the Covered (Gargoyle Wanderer)           Turns: 1276, Time: 00:02:04

Health: 0/32       AC: 10    Str: 17    XL:     5   Next: 65%
Magic:  5/5        EV: 10    Int: 10    God:
Gold:   62         SH:  0    Dex: 11    Spells: 4/4 levels left

rFire    . . .     SeeInvis .   a - +2 mace
rCold    . . .     Gourm    .   (no shield)
rNeg     + . .     Faith    .   g - +0 ring mail
rPois    ∞         Spirit   .   (no helmet)
rElec    +         Reflect  .   (no cloak)
rCorr    .         Harm     .   (no gloves)
MR       .....                  (no boots)
Stlth    +.........             h - amulet of the acrobat
HPRegen  0.10/turn              (no ring)
MPRegen  0.09/turn              (no ring)

@: no status effects
A: negative energy resistance 1, electricity resistance, unbreathing,
petrification resistance, rot immunity, AC +4
a: no special abilities


You were on level 4 of the Dungeon.
You were not hungry.

You visited 1 branch of the dungeon, and saw 3 of its levels.

You collected 62 gold pieces.

Inventory:

Hand Weapons
 a - a +2 mace (weapon)
 c - a +0 shortbow
 l - a +2 hand axe of chopping
Missiles
 d - 44 arrows
 e - a javelin of penetration (quivered)
Armour
 g - a +0 ring mail (worn)
 k - a +0 plate armour
Jewellery
 h - an amulet of the acrobat (around neck)
Scrolls
 i - 2 scrolls of fear
Comestibles
 f - 5 rations


   Skills:
 * Level 3.4 Fighting
 * Level 3.6 Maces & Flails
 - Level 1.0 Bows
 * Level 5.5 Armour
   Level 1.1 Shields
   Level 1.0 Evocations


You had 4 spell levels left.
You didn't know any spells.
Your spell library was empty.

Dungeon Overview and Level Annotations

Branches:
Dungeon (2/15)

Altars:
Hepliaklqana


Innate Abilities, Weirdness & Mutations

You are resistant to torment.
Your stone body is resilient. (AC +4)
You are immune to poison.
You resist negative energy. (rN+)
You are resistant to electric shocks. (rElec)
You can survive without breathing.
You are immune to petrification.
You are immune to rotting.


Message History

Unknown command.
You closely miss the gnoll.
The gnoll is almost dead.
The gnoll closely misses you.
You closely miss the gnoll.
The gnoll is almost dead.
The gnoll hits you with a +0 spear.
* * * LOW HITPOINT WARNING * * *
You sock the gnoll!
You kill the gnoll!
You sock the gnoll!
The gnoll is severely wounded.
The gnoll hits you with a +3 whip of freezing.
* * * LOW HITPOINT WARNING * * *
The gnoll freezes you.
* * * LOW HITPOINT WARNING * * *
The gnoll hits you with a +3 whip of freezing.
* * * LOW HITPOINT WARNING * * *
The gnoll freezes you.
You die...

#_## ####.## #.#.#.#
#..##.# ########.##
##...###.#####
#....##)####.#
#....#(##..#.#
########.####.#@#.#.#
..........####g####.#######
.#######.....##.##.....gr.#
#.##.g...###g#####.#
#.##r##### #r# #.# #.##(#
#.# #g###### #.##g# #(#
#.r....# #.##)#######.#
#.##.#.# #...r)..rgg..# #.#
.⌠


You could see a gnoll.

Vanquished Creatures
  2 orc priests (D:4)
  Natasha (twice) (D:2)
  3 gnolls (D:4)
  2 dart slugs (D:1)
  4 orcs (D:4)
  3 giant cockroaches (D:1)
  2 goblins (D:1)
  A hobgoblin (D:1)
  3 jackals (D:2)
  A quokka (D:4)
  2 bats (D:1)
  4 frilled lizards
  2 kobolds (D:1)
  3 rats (D:1)
34 creatures vanquished.

Vanquished Creatures (others)
  Natasha (D:2)
1 creature vanquished.

Grand Total: 35 creatures vanquished

Notes
Turn   | Place    | Note
-------+----------+-------------------------------------------
     0 | D:1      | Amplified the Gargoyle Wanderer began the quest for the
                  | Orb.
     0 | D:1      | Amplified set off with the following items: a +2 mace, a
                  | potion of curing, a +0 shortbow, 21 arrows, a +0 robe, a
                  | ration
     0 | D:1      | Reached XP level 1. HP: 12/12 MP: 1/1
   224 | D:1      | You fall through a shaft!
   247 | D:2      | Noticed Natasha
   251 | D:2      | Killed Natasha
   251 | D:2      | Reached XP level 2. HP: 11/17 MP: 2/2
   251 | D:2      | Reached XP level 3. HP: 14/21 MP: 3/3
   268 | D:2      | Noticed Natasha
   285 | D:2      | Killed Natasha
   285 | D:2      | Reached skill level 5 in Armour
   311 | D:2      | Noticed Natasha
   318 | D:2      | Killed Natasha
   318 | D:2      | Reached XP level 4. HP: 21/27 MP: 4/4
   925 | D:2      | You fall through a shaft for 2 floors!
   952 | D:4      | Found a hazy altar of Hepliaklqana.
  1013 | D:4      | Reached XP level 5. HP: 24/32 MP: 5/5
  1276 | D:4      | HP: 1/32 [gnoll/+3 whip of freezing (2)]
  1276 | D:4      | Slain by a gnoll

Skill      XL: |  1  2  3  4 |
---------------+-------------+-----
Fighting       | 2 3 |  3.4
Armour         | 5 |  5.5
Maces & Flails | 3 |  3.6
Bows           | |  1.0
Shields        | |  1.1
Evocations     | |  1.0

Action                   |  1- 3 |  4- 6 || total
-------------------------+-------+-------++-------
Melee: Mace              |    26 |    77 ||   103
Throw: Javelin           |       |     3 ||     3
  Use: Scroll            |     1 |     2 ||     3
       Potion            |     2 |     5 ||     7
  Eat: Chunk             |       |     1 ||     1
Armor: Ring mail         |     9 |    25 ||    34
       Robe              |     1 |       ||     1
Dodge: Dodged            |    21 |    57 ||    78
